 Dungeon Crawl Stone Soup version 0.28-a0-779-g3d1f99b579 (webtiles) character file.

Game seed: 4301177597953687118

2133 flotson the Ruffian (level 9, -2/88 HPs)
             Began as a Troll Delver on Nov 2, 2021.
             Was a Follower of Fedhas.
             Succumbed to a hornet's poison
             ... on level 9 of the Dungeon.
             The game lasted 00:10:44 (6735 turns).

flotson the Ruffian (Troll Delver)                  Turns: 6735, Time: 00:10:44

Health: -2/88      AC:  5    Str: 25    XL:     9   Next: 9%
Magic:  10/10      EV: 12    Int:  2    God:    Fedhas [*.....]
Gold:   419        SH:  0    Dex: 17    Spells: 8/8 levels left

rFire   . . .      SeeInvis .     - Unarmed
rCold   . . .      Faith    .   (no shield)
rNeg    . . .      Spirit   .   a - +0 robe
rPois   .          Reflect  .   (helmet restricted)
rElec   .          Harm     .   s - +0 cloak
rCorr   .          Rampage  .   (gloves unavailable)
Will    .....                   (boots unavailable)
Stlth   ++........              (no amulet)
HPRegen 1.24/turn               t - +6 ring of dexterity
MPRegen 0.12/turn               (no ring)

@: lethally poisoned (-2 -> -8), hasted and slowed
A: large, unfitting armour, claws 3, regeneration 1, shaggy fur 1, tough skin 1,
dopey 2
a: Renounce Religion


You were on level 9 of the Dungeon.
You worshipped Fedhas.
Fedhas was aware of your devotion.
You visited 2 branches of the dungeon, and saw 9 of its levels.

You collected 419 gold pieces.

Inventory:

Missiles
 e - 97 poisoned darts (quivered)
 l - 7 boomerangs
 r - 2 javelins
 u - a throwing net
Armour
 a - a +0 robe (worn)
 s - a +0 cloak (worn)
Jewellery
 t - a +6 ring of dexterity (left claw)
 y - a ring of flight
 E - an amulet of guardian spirit
Wands
 f - a wand of digging (3)
 i - a wand of iceblast (18)
 v - a wand of paralysis (5)
Scrolls
 b - 2 scrolls of fog
 c - a scroll of magic mapping
 d - a scroll of fear
 g - a scroll of blinking {unknown}
 h - 2 scrolls of teleportation {unknown}
 k - 2 scrolls of enchant weapon {unknown}
 m - a scroll of noise {unknown}
 q - a scroll of enchant armour {unknown}
 w - 2 scrolls of amnesia {unknown}
 D - a scroll of holy word {unknown}
 F - a scroll of identify {unknown}
Potions
 j - 2 potions of curing {unknown}
 n - a potion of haste
 o - a potion of might {unknown}
 p - a potion of resistance {unknown}
 x - 2 potions of heal wounds {unknown}
 z - a potion of degeneration {unknown}
 A - a potion of brilliance {unknown}
 B - 2 potions of mutation
 C - a potion of flight {unknown}


   Skills:
 + Level 5.1 Fighting
 + Level 3.2 Throwing
 + Level 2.5 Armour
 + Level 4.7 Dodging
 - Level 3.0 Stealth
 + Level 5.7 Unarmed Combat
 + Level 2.9 Invocations
 + Level 2.6 Evocations


You had 8 spell levels left.
You didn't know any spells.
Your spell library contained the following spells:

 Spells                   Type           Power      Damage    Failure   Level
 Foxfire                  Conj/Fire      0%         2x1d4     54%         1
 Ensorcelled Hibernation  Hex/Ice        0%         N/A       69%         2
 Conjure Flame            Conj/Fire      0%         6-21      89%         3
 Inner Flame              Hex/Fire       0%         N/A       89%         3
 Spider Form              Tmut/Pois      0%         N/A       89%         3
 Summon Guardian Golem    Hex/Summ       0%         N/A       89%         3
 Tukima's Dance           Hex            0%         N/A       89%         3
 Flame Wave               Conj/Fire      0%         3d3       100%        4
 Passage of Golubria      Tloc           0%         N/A       100%        4
 Petrify                  Tmut/Erth      0%         N/A       100%        4
 Metabolic Englaciation   Hex/Ice        0%         N/A       100%        5
 Yara's Violent Unravell  Hex/Tmut       0%         3d3       100%        5
 Statue Form              Tmut/Erth      0%         N/A       100%        6
 Orb of Destruction       Conj           0%         N/A       100%        7
 Spellforged Servitor     Conj/Summ      0%         N/A       100%        7


Dungeon Overview and Level Annotations

Branches:
Dungeon (9/15)             Temple (1/1) D:4
   Lair: D:8-11         Orc: D:9-12

Altars:
Ashenzari
Cheibriados
Fedhas
Hepliaklqana
Nemelex Xobeh
Okawaru
Qazlal
Uskayaw
Vehumet
Xom
Yredelemnul
Zin


Innate Abilities, Weirdness & Mutations

You are too large for most types of armour.
You have claws for hands.
Your natural rate of healing is unusually fast.
You are covered in fur. (AC +1)
You have tough skin. (AC +1)
You are very dopey. (Int -4)


Message History

You feel as though you will be slow longer.
You scratch the hornet but do no damage.
The hornet is lightly wounded.
The hornet barely misses you. The hornet stings you!
You are poisoned.
You suddenly lose the ability to move!
You can move again.
Unknown command.
You are too injured to fight recklessly!
Unknown command.
You are too injured to fight recklessly!
Unknown command.
You are too injured to fight recklessly!
Unknown command.
You are too injured to fight recklessly!
You completely miss the hornet.
The hornet is lightly wounded.
You feel very sick. The hornet closely misses you.
The hornet barely misses you.
You scratch the hornet.
The hornet is moderately wounded.
You feel very sick. The hornet stings you!
* * * LOW HITPOINT WARNING * * *
You feel as though you will be slow longer.
The hornet stings you!
* * * LOW HITPOINT WARNING * * *
You feel as though you will be slow longer.
You feel yourself speed up.
You feel sick. The hornet closely misses you. The hornet stings you.
* * * LOW HITPOINT WARNING * * *
You are more poisoned.
You feel as though you will be slow longer.
The hornet stings you!
* * * LOW HITPOINT WARNING * * *
You shrug off the repeated paralysis!
It was a potion of mutation.
You feel extremely strange.
You feel stupid. x2
You die...
Fedhas appreciates your contribution to the ecosystem.

≈≈≈≈≈≈≈≈≈≈≈≈≈*** **+** *,,
≈≈≈≈≈≈≈≈≈≈≈≈≈..# *,* ***
,,,,,,.,...,...# *,*
≈≈≈≈≈≈PP≈≈≈≈♣..# **,**
≈≈≈≈≈≈P≈≈≈≈≈♣..# **,,,******
≈≈≈≈≈≈≈≈≈P≈♣...## *,,,,,,,,,*
≈≈≈≈≈≈≈≈≈♣≈##...# **,,<,,,,,*****
≈≈≈≈≈≈≈**♣...(..####..#.,,,,,,,,,
≈≈≈≈≈*** ***#..y@.......***,*****
*≈≈≈≈*♣♣#####.######..##* *,*
**≈***#.......# *,,*****,* ***
######### *,,,,,,,,*
**,*********** *,* *,,,,,,,
*,****,****** **********,,,,,,,,*
* *,,,,,,,**,,**,,,,****


You could see a hornet.

Vanquished Creatures
  Sigmund (D:4)
  A water moccasin (D:6)
  An acid dragon (D:6)
  2 sky beasts
  3 black bears
  3 phantoms
  3 bullfrogs
  3 scorpions
  2 centaur zombies
  5 hounds
  An orc priest (D:4)
  3 jellies
  Jessica (D:2)
  A bullfrog skeleton (D:5)
  Natasha (thrice) (D:2)
  Robin (D:2)
  4 gnolls
  8 adders
  A white imp (D:6)
  An ufetubus (D:5)
  4 worms
  3 dart slugs
  13 orcs
  7 ball pythons
  An endoplasm (D:2)
  3 giant cockroaches
  12 goblins
  19 hobgoblins
  5 jackals
  A quokka (D:4)
  2 bats
  2 frilled lizards
  5 kobolds
  6 rats
131 creatures vanquished.

Vanquished Creatures (others)
  3 plants (D:4)
3 creatures vanquished.

Grand Total: 134 creatures vanquished

Notes
Turn   | Place    | Note
-------+----------+-------------------------------------------
     0 | D:5      | flotson the Troll Delver began the quest for the Orb.
     0 | D:5      | Reached XP level 1. HP: 22/22 MP: 0/0
    33 | D:5      | Noticed a phantom
    48 | D:5      | Killed a phantom
    49 | D:5      | Reached XP level 2. HP: 31/31 MP: 1/1
    49 | D:5      | Reached XP level 3. HP: 37/37 MP: 2/2
    49 | D:5      | Reached XP level 4. HP: 45/45 MP: 3/3
    53 | D:5      | Noticed a phantom
    73 | D:5      | Killed a phantom
    74 | D:5      | Reached XP level 5. HP: 38/53 MP: 4/4
   307 | D:2      | Noticed Jessica
   318 | D:2      | Killed Jessica
   319 | D:2      | Reached XP level 6. HP: 62/62 MP: 5/5
   608 | D:1      | You fall into a shaft and drop 1 floor!
  1045 | D:2      | Noticed Robin
  1321 | D:2      | Killed Robin
  1445 | D:2      | Noticed Natasha
  1451 | D:2      | Killed Natasha
  1611 | D:2      | Noticed Natasha
  1618 | D:2      | Killed Natasha
  2068 | D:2      | Noticed Natasha
  2092 | D:2      | Killed Natasha
  3154 | D:4      | Noticed Sigmund
  3197 | D:3      | Reached skill level 1 in Throwing
  3229 | D:4      | Reached XP level 7. HP: 66/70 MP: 6/6
  3456 | D:4      | Found a staircase to the Ecumenical Temple.
  3463 | Temple   | Entered the Ecumenical Temple
  3526 | Temple   | Became a worshipper of Fedhas Madash
  3577 | D:4      | Killed Sigmund
  3578 | D:4      | Reached skill level 1 in Evocations
  3760 | D:3      | Reached skill level 1 in Invocations
  4439 | D:4      | Paralysed by a hobgoblin for 4 turns
  4842 | D:5      | Reached * piety under Fedhas
  4999 | D:5      | Reached skill level 1 in Armour
  5126 | D:5      | Reached XP level 8. HP: 79/79 MP: 8/8
  5606 | D:6      | Reached skill level 5 in Unarmed Combat
  6345 | D:6      | Reached skill level 5 in Fighting
  6616 | D:7      | Reached XP level 9. HP: 70/88 MP: 10/10
  6713 | D:7      | You fall into a shaft and drop 2 floors!
  6731 | D:9      | Paralysed by a hornet for 1 turns
  6734 | D:9      | HP: 1/88 [hornet (8)]
  6735 | D:9      | Gained mutation: You are dopey. (Int -2) [potion of
                  | mutation]
  6735 | D:9      | Gained mutation: You are very dopey. (Int -4) [potion of
                  | mutation]
  6735 | D:9      | Succumbed to a hornet's poison

Illustrated notes

Levels and vault maps discovered:
D:1:      mrwooster_arrival_statue_3, layout_loops_ring, minmay_hedge_maze
D:2:      layout_loops_ring, hangedman_decor_slide_cut, minmay_heptomino_o4,
          uniq_natasha, uniq_jessica, uniq_robin
D:3:      layout_basic
D:4:      layout_basic, minmay_temple_entry_enclosed_plants, sigmund_army
D:5:      layout_loops_corners
D:6:      layout_loops_corners
D:7:      layout_rooms, nzn_wu_jian_contemplation
D:9:      layout_loops_corners, mainiacjoe_overflow_small_starburst,
          enter_bailey_1, serial_bayou_lagoon_b
Temple:   nicolae_temple_great_sept

Skill      XL: |  1  2  3  4  5  6  7  8 |
---------------+-------------------------+-----
Fighting       | 3 4 5 |  5.1
Dodging        | 2 3 4 |  4.7
Unarmed Combat | 3 4 5 |  5.7
Throwing       | 1 2 3 |  3.2
Stealth        | 3 |  3.0
Evocations     | 1 2 |  2.6
Invocations    | 1 2 |  2.9
Armour         | 1 2 |  2.5

Action                   |  1- 3 |  4- 6 |  7- 9 || total
-------------------------+-------+-------+-------++-------
Melee: Unarmed           |     7 |   212 |   175 ||   394
       Punch             |       |     5 |     5 ||    10
Throw: Dart              |       |       |    31 ||    31
  Use: Potion            |     1 |       |     2 ||     3
       Scroll            |       |       |     1 ||     1
 Stab: Sleeping          |       |    10 |     8 ||    18
Armor: Robe              |     2 |    52 |    53 ||   107
Dodge: Dodged            |     1 |    85 |    93 ||   179

Table legend: (Time is in decaauts)
 A = Elapsed time spent in this place.
 B = Non-inter-level travel time spent in this place.
 C = Inter-level travel time spent in this place.
 D = Time resting spent in this place.
 E = Time spent auto-exploring this place.
 F = Levels seen in this place.
 G = Mean time per level.
                   A        B        C        D        E       F      G
               +--------+--------+--------+--------+--------+-----+--------+
         Total |   6694 |   6381 |    313 |     27 |   5200 |   9 |  743.8 |
       Dungeon |   6598 |   6297 |    301 |      9 |   5151 |   8 |  824.8 |
        Temple |     96 |     84 |     12 |     18 |     49 |   1 |   96.0 |
               +--------+--------+--------+--------+--------+-----+--------+

Top non-repeatable levels by time:
     D:2: 1945 daAuts
     D:4: 1059 daAuts
     D:6: 948 daAuts
     D:5: 918 daAuts
     D:3: 869 daAuts
     D:1: 668 daAuts
     D:7: 163 daAuts
  Temple: 96 daAuts
     D:9: 24 daAuts
